 Dungeon Crawl Stone Soup version 0.30-a0-5-g3a90980b9d (webtiles) character file.

Game seed: 693414455142932481

93 Nedwor the Cutter (level 4, 0/34 HPs)
             Began as a Demonspawn Gladiator on Aug 22, 2022.
             Succumbed to a kobold's poison
             ... on level 3 of the Dungeon.
             The game lasted 00:02:16 (2351 turns).

Nedwor the Cutter (Demonspawn Gladiator)            Turns: 2351, Time: 00:02:16

Health: 0/34       AC: 11    Str: 22    XL:     4   Next: 37%
Magic:  4/4        EV:  9    Int:  9    God:
Gold:   168        SH:  0    Dex: 15    Spells: 3/3 levels left

rFire   . . .      SeeInvis .    a - +0 rapier
rCold   . . .      Faith    .    (no shield)
rNeg    + . .      Spirit   .    l - +2 chain mail {rN+}
rPois   .          Reflect  .    c - +0 helmet
rElec   .          Harm     .    (no cloak)
rCorr   .          Rampage  .    (no gloves)
Will    .....                    (no boots)
Stlth   ..........               (no amulet)
HPRegen 0.11/turn                m - +6 ring of strength
MPRegen 0.09/turn                (no ring)

@: lethally poisoned (0 -> -7)
A: foul stench 1, demonic magic 1
a: no special abilities


You were on level 3 of the Dungeon.
You visited 1 branch of the dungeon, and saw 3 of its levels.

You collected 168 gold pieces.

Inventory:

Hand Weapons
 a - a +0 rapier (weapon)
Missiles
 d - 3 throwing nets (quivered)
 e - a javelin
Armour
 c - a +0 helmet (worn)
 l - a +2 chain mail of positive energy (worn)
Jewellery
 m - a +6 ring of strength (left hand)
Scrolls
 b - a scroll of poison {unknown}
 f - a scroll of teleportation {unknown}
 g - a scroll of enchant weapon {unknown}
 j - a scroll of magic mapping {unknown}
 k - 2 scrolls of summoning {unknown}
 n - a scroll of enchant armour {unknown}
Potions
 h - 2 potions of invisibility {unknown}
 i - a potion of lignification {unknown}
 o - 3 potions of flight {unknown}


   Skills:
 + Level 2.7 Fighting
 * Level 3.6 Short Blades
 - Level 1.7 Throwing
 + Level 1.4 Armour
 + Level 3.2 Dodging


You had 3 spell levels left.
You didn't know any spells.
Your spell library was empty.

Dungeon Overview and Level Annotations

Branches:
Dungeon (3/15)

Altars:


Innate Abilities, Weirdness & Mutations

You may rarely emit foul miasma when damaged in melee.
Spells you cast may paralyse adjacent enemies.


Message History

The adder bites you but does no damage. x2
You closely miss the adder.
The adder is moderately wounded.
The adder barely misses you.
You closely miss the adder.
The adder is moderately wounded.
The adder bites you.
The kobold throws a poisoned dart.
The poisoned dart hits you!
You are poisoned.
You barely miss the adder.
The adder is moderately wounded.
You feel very sick. The adder bites you.
You are more poisoned.
The adder poisons you!
You emit a cloud of foul miasma!
The adder is engulfed in dark miasma.
The adder is poisoned.
The adder seems to slow down.
The adder bites you but does no damage.
You feel very sick.
You feel sick.
The adder is engulfed in dark miasma.
The adder looks even sicker.
The adder seems to slow down.
The kobold attacks as you move away! The kobold barely misses you.
You feel sick. The kobold attacks as you move away!
The kobold hits you but does no damage.
You feel sick.
You feel sick.
The kobold throws a poisoned dart.
The poisoned dart hits you!
You are lethally poisoned!
You feel very sick.
* * * LOW HITPOINT WARNING * * *
You feel very sick.
* * * LOW HITPOINT WARNING * * *
You feel sick.
The kobold throws a poisoned dart.
The poisoned dart hits you.
You are more poisoned.
* * * LOW HITPOINT WARNING * * *
You feel very sick.
You kill the adder!
* * * LOW HITPOINT WARNING * * *
You feel very sick.
* * * LOW HITPOINT WARNING * * *
You feel sick.
You die...

.#.#.#.#.#.#.#...#
#.#.#.#.#.#.#.##.#
.#.#.#.#.#.#.###.#
#.#.#.#.#.#.#.##.#
.#.#.#.#.#.#.###.#
#.#.#.#.#.#.#.##.#
.#.#.#.#.#.#<###.#
#.### #####.#. #.#
#@# #.# #.# #.#
#K# #.# #.# #.#
#.#


You could see a kobold.

Vanquished Creatures
  4 adders
  A worm (D:3)
  4 dart slugs
  9 ball pythons
  3 endoplasms
  A giant cockroach (D:1)
  A goblin (D:3)
  2 hobgoblins
  2 quokkas
  2 bats
  5 frilled lizards
  4 kobolds (D:2)
  13 rats
51 creatures vanquished.

Notes
Turn   | Place    | Note
-------+----------+-------------------------------------------
     0 | D:1      | Nedwor the Demonspawn Gladiator began the quest for the
                  | Orb.
     0 | D:1      | Reached XP level 1. HP: 16/16 MP: 1/1
   242 | D:1      | Gained mutation: Spells you cast may paralyse adjacent
                  | enemies. [demonic ancestry]
   242 | D:1      | Reached XP level 2. HP: 22/22 MP: 2/2
  1142 | D:2      | Gained mutation: You may rarely emit foul miasma when
                  | damaged in melee. [demonic ancestry]
  1142 | D:2      | Reached XP level 3. HP: 27/28 MP: 3/3
  1216 | D:2      | Reached skill level 1 in Armour
  1629 | D:2      | Reached XP level 4. HP: 32/34 MP: 4/4
  2350 | D:3      | HP: 1/34 [poisoned by a kobold]
  2351 | D:3      | Succumbed to a kobold's poison

Illustrated notes

Levels and vault maps discovered:
D:1:      dpeg_arrival_ratfight, layout_loops_ring
D:2:      layout_loops_ring
D:3:      layout_basic, ebering_ecumenical_altar_hall

Skill      XL: |  1  2  3 |
---------------+----------+-----
Short Blades   | 3 |  3.6
Dodging        | 3 |  3.2
Armour         | 1 |  1.4
Fighting       | |  2.7
Throwing       | |  1.7

Action                   |  1- 3 |  4- 6 || total
-------------------------+-------+-------++-------
Melee: Rapier            |   132 |    34 ||   166
       Punch             |     3 |     2 ||     5
Armor: Leather armour    |    31 |       ||    31
       Chain mail        |    31 |    23 ||    54
Dodge: Dodged            |    67 |    15 ||    82

Table legend: (Time is in decaauts)
 A = Elapsed time spent in this place.
 B = Non-inter-level travel time spent in this place.
 C = Inter-level travel time spent in this place.
 D = Time resting spent in this place.
 E = Time spent auto-exploring this place.
 F = Levels seen in this place.
 G = Mean time per level.
                   A        B        C        D        E       F      G
               +--------+--------+--------+--------+--------+-----+--------+
         Total |   2357 |   2273 |     84 |    496 |   1407 |   3 |  785.7 |
       Dungeon |   2357 |   2273 |     84 |    496 |   1407 |   3 |  785.7 |
               +--------+--------+--------+--------+--------+-----+--------+

Top non-repeatable levels by time:
     D:2: 1289 daAuts
     D:1: 954 daAuts
     D:3: 113 daAuts
